[Event "European Women Blitz-ch 2024"]
[Site "Monaco"]
[Date "2025.01.10"]
[Round "2.5"]
[White "Wagner, Dinara"]
[Black "Gvetadze, Sofio"]
[Result "1-0"]
[Annotator "TA"]
[ECO "E74"]
[WhiteElo "2437"]
[BlackElo "2298"]
[PlyCount "89"]
[EventDate "2025.01.06"]
[EventType "swiss"]
[EventCountry "MNC"]
[SourceTitle "playchess.com"]
[Source "ChessBase"]
[SourceQuality "1"]
[TimeControl "180+2"]

1. d4 Nf6 2. c4 c5 3. d5 g6 4. Nc3 Bg7 5. Nf3 O-O 6. e4 d6 7. h3 e6 8. Be2 exd5 9. exd5 Na6 10. O-O Nc7 11. Bf4 Re8 12. Bd3 a6 (12... b5 $1 $11 {should be considered.}) 13. a4 $14 Rb8 14. a5 b5 {[%emt 0:00:04] and ...bxc4 should not be overlooked} 15. axb6 Rxb6 16. Qc2 Nh5 17. Bh2 Nf6 18. Rfe1 Bb7 19. Rxe8+ Ncxe8 20. Re1 Bc8 21. Bf4 Bd7 22. Re2 Qb8 23. Ng5 Rb4 {[%emt 0:00:18] [#]} (23... Nh5 $142 24. Bc1 Be5) 24. Qc1 {[%emt 0:00:16] White is much more active.} (24. Re7 $142 $1) 24... Qc8 $2 (24... Qd8 $16) 25. Re7 $18 Bf5 26. Bf1 $2 (26. Bxf5 $18 Qxf5 27. Nxf7) 26... Rb7 $14 27. Re1 h6 28. Nf3 Kh7 (28... g5 $11 {keeps the balance.} 29. Bh2 Bg6) 29. Nh4 $16 Bd7 30. Bd3 Qd8 {[%emt 0:00:03] Dodges Re7} 31. Nf3 (31. Qc2 {is more complex.} Kg8 32. Bxg6 fxg6 33. Qxg6 Bc8 34. Bxh6 Re7 35. Rxe7 Qxe7 36. g4) 31... Qb6 32. Re2 Nh5 33. Be3 Qd8 34. Qc2 Kg8 35. Bc1 Nhf6 (35... a5 $14) 36. Kh1 (36. Bd2 $16) 36... Bc8 37. Kg1 (37. Be3 $14) 37... Re7 (37... Bd7 $1 $11) 38. Qa4 Rxe2 39. Bxe2 Qe7 40. Bd3 Nh5 41. Be3 f5 (41... Bxc3 $14 42. bxc3 g5) 42. Qa5 ({White should try} 42. Ne2 $16) 42... f4 (42... g5 $14) 43. Bd2 $18 ({And not} 43. Bxg6 fxe3 44. Bxh5 exf2+ 45. Kxf2 Bd4+ 46. Nxd4 cxd4 47. Bxe8 (47. Ne2 $2 Qh4+ 48. Kf1 Qxh5 $19) 47... Qe3+ (47... dxc3 48. Qxc3 Qxe8 49. Qg3+ Kh7 50. Qxd6 $16) 48. Kf1 Qf4+ (48... Qxe8 49. Nd1 $16) (48... dxc3 49. Qxc3 Qxe8 50. Qg3+ Kf7 51. Qxd6 $11) 49. Ke1 Qg3+ (49... dxc3 50. Qxc3 Qe4+ 51. Kf2 $14) 50. Kf1 Qf4+ 51. Ke1 Qg3+ 52. Kf1 Qf4+ $11) 43... Kh7 (43... g5 {was called for.} 44. b4 g4 45. hxg4 Bxg4) 44. Qa4 Qf6 $2 (44... Bxc3 45. Bxc3 Neg7) 45. Qxe8 1-0

[Event "European Women Blitz-ch 2024"]
[Site "Monaco"]
[Date "2025.01.10"]
[Round "2.6"]
[White "Agrest, Inna"]
[Black "Khademalsharieh, Sarasadat"]
[Result "0-1"]
[Annotator "TA"]
[ECO "C77"]
[WhiteElo "2159"]
[BlackElo "2458"]
[PlyCount "99"]
[EventDate "2025.01.06"]
[EventType "swiss"]
[EventCountry "MNC"]
[SourceTitle "playchess.com"]
[Source "ChessBase"]
[SourceQuality "1"]
[TimeControl "180+2"]

1. e4 e5 2. Nf3 Nc6 3. Bb5 a6 4. Ba4 Nf6 5. d3 d6 6. c3 Bd7 7. O-O g6 8. Re1 Bg7 9. Nbd2 O-O 10. Nf1 Nh5 11. d4 Qe8 12. Bb3 Bg4 13. d5 Ne7 14. Ne3 Bd7 15. Nd2 Nf4 16. Ndf1 f5 17. f3 Nh5 18. c4 Nf6 19. Bc2 (19. exf5 $11 Nxf5 20. Nxf5 gxf5 21. c5) 19... f4 $15 20. Ng4 Nxg4 21. fxg4 g5 22. Nd2 $2 (22. h3 $11 {and White is okay.}) 22... Kh8 (22... h5 $19 23. c5 (23. gxh5 g4 $17) 23... Bxg4 (23... dxc5 24. gxh5 g4 25. Nc4 $17)) 23. Nf3 (23. h3 $15) 23... Bxg4 24. h3 Bh5 25. Qd3 Bf6 26. Nh2 Qd7 27. Bd2 Rg8 28. Kh1 g4 29. hxg4 (29. Rg1 {keeps fighting.}) 29... Bxg4 $19 30. Bd1 Bxd1 31. Raxd1 Bh4 32. Rf1 Bg3 33. Be1 Qe8 34. Bxg3 fxg3 (34... Rxg3 35. Rf3 Rg5 36. Rh3 $17) 35. Nf3 (35. Qf3 $142 gxh2 36. c5) 35... Qh5+ 36. Kg1 Raf8 37. Qe3 Rg4 38. Rfe1 {[%emt 0:00:02] [#]} Rxf3 $1 39. Qxf3 Qh2+ $40 {[%emt 0:00:01][%mdl 128] Black wants a kill.} 40. Kf1 Rf4 41. Ke2 Rxf3 42. Kxf3 Qh4 {[%emt 0:00:03] Strongly threatening ...Qf4+.} 43. Ke3 Ng6 44. Rf1 Nf4 45. Rd2 Qg5 46. Kf3 Ng6 47. Rc2 Qf4+ 48. Ke2 Qxe4+ 49. Kd2 Qxg2+ 50. Kd3 0-1

[Event "European Women Blitz-ch 2024"]
[Site "Monaco"]
[Date "2025.01.10"]
[Round "2.7"]
[White "Paehtz, Elisabeth"]
[Black "Shvedova, Alexandra"]
[Result "1-0"]
[Annotator "TA"]
[ECO "D02"]
[WhiteElo "2428"]
[BlackElo "2266"]
[PlyCount "61"]
[EventDate "2025.01.06"]
[EventType "swiss"]
[EventCountry "MNC"]
[SourceTitle "playchess.com"]
[Source "ChessBase"]
[SourceQuality "1"]
[TimeControl "180+2"]

1. d4 Nf6 2. Nf3 d5 3. c3 e6 4. Bf4 c5 5. e3 Bd6 6. Bg3 Qc7 7. Ne5 O-O 8. Nd2 Nbd7 9. f4 a6 ({Black should try} 9... Ne4 $15) 10. Bd3 $11 b5 11. O-O b4 12. cxb4 cxd4 13. exd4 Qb6 14. Bf2 Qxb4 15. Qc2 (15. Rb1 $14) 15... h6 (15... a5 $11 {is more appropriate.}) 16. Nb3 Bb7 17. Nxd7 Nxd7 18. f5 Rac8 {[%emt 0:00:02] Repels Nc5} 19. Qe2 Rfe8 (19... exf5 $1 $11 20. Be1 Qb6) 20. fxe6 $16 Rxe6 {[%emt 0:00:02] [#]} 21. Qf3 $1 {[%emt 0:00:11] Threatens to win with Be1.} Rf6 22. Qh3 Rd8 23. Bh4 Rxf1+ 24. Rxf1 Be7 {[%emt 0:00:06] [#]} 25. Qf5 {[%emt 0:00:27] White is more active.} Bxh4 $2 (25... Nf6 $11) 26. Qxf7+ $18 Kh8 {[%emt 0:00:02] ...Bf6 is the strong threat.} 27. Qg6 Bf2+ 28. Rxf2 Qe1+ 29. Rf1 Qe3+ 30. Kh1 Nf6 {[%emt 0:00:05] Dodges Qh7+} 31. Rxf6 1-0

[Event "European Women Blitz-ch 2024"]
[Site "Monaco"]
[Date "2025.01.10"]
[Round "2.8"]
[White "Rakhmangulova, Anastasiya"]
[Black "Khotenashvili, Bella"]
[Result "1-0"]
[Annotator "TA"]
[ECO "B15"]
[WhiteElo "2323"]
[BlackElo "2420"]
[PlyCount "107"]
[EventDate "2025.01.06"]
[EventType "swiss"]
[EventCountry "MNC"]
[SourceTitle "playchess.com"]
[Source "ChessBase"]
[SourceQuality "1"]
[TimeControl "180+2"]

1. Nf3 g6 2. d4 Bg7 3. e4 c6 4. h3 d5 5. Nc3 Nh6 6. Bd3 O-O 7. O-O f6 8. exd5 cxd5 9. Qe2 Nf7 10. Bf4 Nc6 11. Rad1 e5 12. dxe5 fxe5 13. Bg3 Qa5 14. Bb5 e4 15. Nh2 Nd4 16. Rxd4 Bxd4 17. Nxd5 Bf5 18. Bc7 Qxa2 19. Ne7+ Kh8 20. c3 Bb6 21. Bc4 Qa5 22. Bg3 Qc5 23. Nxf5 (23. Nd5 $11) 23... gxf5 $17 24. b4 Qe7 25. Qh5 $2 (25. Nf3) 25... Nd6 26. Bd5 Bc7 27. Bh4 Qg7 28. Rd1 (28. Rc1 {was worth a try.}) 28... Bd8 (28... Qxc3 29. Bg5 $17) 29. Bg3 (29. Be6 $142 Qg6 30. Qxg6 hxg6 31. Bg3) 29... Be7 $2 (29... f4 $19 {and Black stays clearly on top.} 30. Bh4 Bxh4 (30... Qxc3 $2 31. Bxe4 Nxe4 32. Rd7 $18) 31. Qxh4 Rae8 (31... Qxc3 32. Bxb7 Rab8 33. Rxd6 $17)) 30. Ng4 $2 {[%emt 0:00:02] [#]} (30. Bf4 $17 {was forced.}) 30... fxg4 $2 (30... f4 $1 $19 31. Bh4 Bxh4 (31... Rf5 $2 32. Qh6 $19) 32. Qxh4 Nf5 (32... Qxc3 $2 33. Bxe4 Rf7 34. Nh6 $18)) 31. Be5 $17 Bf6 32. Bxd6 Rfd8 33. Bc5 (33. Bf4 $15) 33... gxh3 ({Black should try} 33... Bxc3 $19 34. hxg4 Qe5) 34. Qxh3 (34. g3 $17) 34... Bxc3 $19 35. Rc1 $2 (35. Be7 Qxe7 36. Qxc3+ Qg7 37. Qe3) 35... Rxd5 36. Rxc3 (36. Qxc3 $142 Qxc3 37. Rxc3) 36... Rad8 (36... b6 $142 37. Qe6 Rd1+ (37... bxc5 38. Qxd5 Rg8 39. Rg3 $11) 38. Kh2 bxc5 (38... Qxc3 $2 39. Be7 $19) 39. Qxe4 Rf8 40. Rxc5 Qh6+ (40... Rxf2 41. Rc8+ Rf8 42. Rxf8+ Qxf8 43. Qe5+ Kg8 44. Qe6+ Qf7 45. Qg4+ Kf8 46. Qxd1 $11) 41. Kg3 Rd7) 37. Rg3 $2 (37. Rc1) 37... Qe5 38. Be3 R5d7 $2 (38... Qh5 39. Bd4+ (39. Bxa7 $2 Qd1+ 40. Kh2 Rh5 $19) 39... Rxd4 40. Qxh5 R4d5 41. Qf7 Rd1+ 42. Kh2) (38... Qa1+ 39. Kh2 Rd1 40. Bd4+ Qxd4) 39. Rg5 $2 (39. Bh6 $19) 39... Qa1+ $2 (39... Rd1# {mates}) 40. Kh2 $11 Rg7 41. Rxg7 Qxg7 42. Qh4 $2 (42. Qe6 $1 $11 Qc7+ 43. g3) 42... Rf8 $2 (42... Rd5 $19 {...Qe5+ would now be deadly.} 43. Qf4 Qe7 44. Bxa7 Kg7 (44... Qxb4 $2 {perishes.} 45. Qf6+ Kg8 46. Qe6+ Kg7 47. Qxd5 $18) (44... Qd6 $2 45. Qxd6 Rxd6 46. Kg3 $19)) 43. Qxe4 $11 Qc7+ 44. g3 Kg8 45. Bd4 Rf7 46. Qg4+ Kf8 47. Bc5+ Ke8 $2 (47... Re7 $14) 48. Qg8+ $18 ({And not} 48. Bxa7 b6 49. Qg8+ Ke7 50. Qg5+ Kd7 51. Qb5+ Qc6 52. Qxb6 Qxb6 53. Bxb6 Kc6 $11) 48... Kd7 49. Qxf7+ Kc6 50. Qf3+ Kb5 51. Qd3+ Ka4 52. Qc4 Qd7 53. b5+ Ka5 54. Qb4# 1-0

[Event "European Women Blitz-ch 2024"]
[Site "Monaco"]
[Date "2025.01.10"]
[Round "2.9"]
[White "Narva, Mai"]
[Black "Prado Acebo, Ines"]
[Result "0-1"]
[Annotator "TA"]
[ECO "B87"]
[WhiteElo "2398"]
[BlackElo "2176"]
[PlyCount "74"]
[EventDate "2025.01.06"]
[EventType "swiss"]
[EventCountry "MNC"]
[SourceTitle "playchess.com"]
[Source "ChessBase"]
[SourceQuality "1"]
[TimeControl "180+2"]

1. e4 c5 2. Nf3 d6 3. d4 cxd4 4. Nxd4 Nf6 5. Nc3 a6 6. Bc4 e6 7. Be3 b5 8. Bb3 Nbd7 {[%emt 0:00:13] [#]} (8... Be7 $11 {keeps the balance.}) 9. Bxe6 $1 $16 fxe6 10. Nxe6 Qa5 11. a3 $1 b4 (11... Nxe4 $2 12. b4 Nxc3 13. Qf3 $18) 12. axb4 Qxb4 13. Nc7+ Kf7 14. Nxa8 Qb7 {[%emt 0:00:11] [#] Against Nc7} 15. Qd4 $1 Qxa8 16. Qc4+ Kg6 (16... d5 $16 {was called for.} 17. Nxd5 Nxd5) 17. f4 $18 {[%emt 0:00:17] Intending f5+ and mate.} h5 18. O-O Bb7 19. Qe6 Qe8 20. Qf5+ (20. Qxe8+ $16 Nxe8 21. Ra4) 20... Kh6 (20... Kf7 $14) 21. e5 $16 Ng4 (21... g6 $16 22. Qd3 Ng4) 22. Bd2 $2 ({Only move:} 22. e6 $1 $18) 22... d5 (22... g6 $11 23. Qd3 dxe5) 23. h3 ({White should try} 23. Ra5 $14) 23... Bc5+ $11 24. Kh1 g6 (24... Nf2+ $11 25. Kh2 g6 (25... Rf8 26. Qg5+ Kh7 27. Rae1 $11) 26. Qg5+ Kg7) 25. Qg5+ $16 Kg7 26. f5 $1 (26. hxg4 $2 hxg4+) 26... Qxe5 $2 (26... Ngxe5 $16 27. Rae1 Rf8) 27. Qxg6+ $18 (27. hxg4 $2 hxg4+ $19) 27... Kf8 28. Bf4 $2 (28. hxg4 $18 {and the rest is easy.} hxg4+ 29. Bh6+ Rxh6+ 30. Qxh6+ Qg7 31. Qh4) 28... Qf6 $16 29. Qxf6+ (29. hxg4 hxg4+) (29. Rae1 $16 Nf2+ 30. Rxf2 (30. Kh2 Ne4 $16) 30... Qxg6 31. fxg6 Bxf2 32. Rf1 (32. g7+ Kxg7 33. Re7+ Kg6 $14)) 29... Ndxf6 30. Rae1 {[%emt 0:00:05][%cal Oe1e6] Dodges d4} (30. hxg4 hxg4+ 31. Bh2 g3) 30... Nf2+ 31. Kh2 N2e4 {[%emt 0:00:03] Excellent horsemanship.} 32. Be5 {[%emt 0:00:03] Strongly threatening Nxe4.} Rg8 33. Nxe4 Nxe4 34. Rf4 {[%emt 0:00:03] [#]} Bf2 $2 {[%emt 0:00:03] [#]} (34... Kf7 $1 $17 {and life is bright. White must now prevent ...Re8.} 35. Re2 Re8) 35. Rexe4 $4 Bg3+ $19 36. Kg1 dxe4 37. Bd6+ Kf7 0-1

[Event "European Women Blitz-ch 2024"]
[Site "Monaco"]
[Date "2025.01.10"]
[Round "2.10"]
[White "Hrebenshchykova, Yelyzaveta"]
[Black "Ushenina, Anna"]
[Result "0-1"]
[Annotator "TA"]
[ECO "B43"]
[WhiteElo "2280"]
[BlackElo "2418"]
[PlyCount "60"]
[EventDate "2025.01.06"]
[EventType "swiss"]
[EventCountry "MNC"]
[SourceTitle "playchess.com"]
[Source "ChessBase"]
[SourceQuality "1"]
[TimeControl "180+2"]

1. e4 c5 2. Nf3 a6 3. Nc3 e6 4. d4 cxd4 5. Nxd4 b5 6. Bd3 Bb7 7. O-O Nc6 8. Nxc6 Bxc6 9. Qe2 Qb8 10. a4 b4 11. Nb1 (11. Nd5 $5) 11... Qb7 12. c4 bxc3 13. Nxc3 Ne7 (13... Nf6 $11 {keeps the balance.}) 14. f4 (14. Bd2 $16) 14... Ng6 $11 15. Bd2 Bc5+ 16. Kh1 O-O 17. Rab1 a5 18. Rf3 f5 19. Rbf1 (19. Rg3 $11) 19... Bd4 {[%emt 0:00:12] Black has more active pieces.} (19... Qxb2 $6 20. Rb1 Qa3 21. exf5 Bxf3 22. Qxf3 $11) (19... Bb4 $15 20. Re1 Rab8) 20. Nb5 $2 (20. Rh3 $1 $11 {and White is okay.}) 20... fxe4 $19 (20... Bxb2 21. Nd6 Qb8 22. Nb5 $17) 21. Nxd4 exf3 22. Nxf3 Qxb2 23. Bxg6 hxg6 24. Ne5 Qb7 25. Bc3 $2 (25. Nxg6 Rf6 26. Ne7+ Kf7 27. Nxc6 Qxc6 28. Qd3) 25... Rf5 $2 (25... Bxa4 $2 26. Nxg6 Qb5 27. Qf3 $17) (25... Be4 $19 26. h3 Rac8) 26. Kg1 $2 (26. Nxg6 $17 Re8 (26... Bxa4 27. Ne7+ Kf8 28. Nxf5 $16) 27. Be5) 26... g5 ({Don't play} 26... Bxa4 27. Nxg6 Re8 28. Qe3 $19) 27. Nxc6 $2 (27. h4 {keeps fighting.}) 27... Qxc6 (27... dxc6 $2 28. Qxe6+ Qf7 29. Qxf7+ Kxf7 (29... Rxf7 $2 30. fxg5 Rxf1+ 31. Kxf1 $19) 30. fxg5 Rxf1+ 31. Kxf1 $19) 28. Be5 gxf4 {[%emt 0:00:03] and ...Qc5+ would now be decisive} 29. Bxf4 Raf8 30. g3 e5 0-1

[Event "European Women Blitz-ch 2024"]
[Site "Monaco"]
[Date "2025.01.10"]
[Round "2.11"]
[White "Hejazipour, Mitra"]
[Black "Cramling Bellon, Anna"]
[Result "1-0"]
[Annotator "TA"]
[ECO "A06"]
[WhiteElo "2310"]
[BlackElo "2052"]
[PlyCount "83"]
[EventDate "2025.01.06"]
[EventType "swiss"]
[EventCountry "MNC"]
[SourceTitle "playchess.com"]
[Source "ChessBase"]
[SourceQuality "1"]
[TimeControl "180+2"]

1. Nf3 d5 2. b3 c5 3. e3 Nc6 4. Bb2 Nf6 5. d4 Bg4 6. Be2 e6 7. O-O Be7 8. Nbd2 O-O 9. c4 cxd4 10. exd4 Ne4 11. h3 Bh5 12. Ne5 Bxe2 13. Qxe2 Nxd2 14. Nxc6 bxc6 15. Qxd2 Bf6 16. Rac1 a5 17. Rc2 a4 18. Ba3 $2 (18. b4 $1 $11) 18... Re8 $2 (18... axb3 $1 $19 19. Bxf8 bxc2) 19. Bc5 dxc4 20. bxc4 e5 (20... Be7 $11) 21. d5 $14 Bg5 22. Be3 Bxe3 23. fxe3 cxd5 24. cxd5 e4 (24... Ra6 $14) 25. d6 $16 {[%emt 0:00:05] Strongly threatening Rc7.} Re6 $2 (25... Rf8 26. d7 Qe7) 26. Qd5 $2 (26. d7 $18 {is more deadly.}) 26... Rb8 $2 (26... Rxd6 $16 27. Qxf7+ (27. Qxe4 Re6 $11) 27... Kh8) 27. Rcf2 $2 (27. d7 $18) 27... Qd7 (27... Qxd6 $11 28. Qxd6 Rxd6) 28. Rxf7 $40 {[%emt 0:00:09][%mdl 128] White mounts an attack. White is more active.} (28. Rd2 {simplifies} h6 29. Rfd1 Rb6 30. Qc5) 28... Qxf7 $4 (28... Qxd6 $14 29. Qxd6 Rxd6) 29. Rxf7 $18 Kxf7 $16 {[%emt 0:00:01][%mdl 4096] Endgame KQ-KRR} 30. Qf5+ Rf6 31. Qd7+ (31. Qxe4 Rxd6 32. Qf4+ (32. Qxa4 Kg8 $16) (32. Qxh7 Rd2 $16) 32... Ke6 33. Qxa4 Rbd8 $16) 31... Kg6 32. Qg4+ (32. Qxa4 Rxd6 33. Qxe4+ Kf7 34. Qf4+ (34. Qxh7 Ra8 $16) 34... Ke6 $16) ({Don't take} 32. Qe7 Rb1+ 33. Kh2 Rd1 34. Qxe4+ Kf7 35. Qe7+ (35. Qxh7 Rdxd6 36. Qc2 Rde6 $16) 35... Kg6) (32. Kh2 $18) 32... Kf7 33. d7 (33. Qxe4 Rxd6 34. Qf4+ (34. Qxa4 Kg8 $16) (34. Qxh7 Rd2 $16) 34... Ke6 35. Qxa4 Rbb6 36. Qe4+ Kf7 $16) (33. Qh5+ $18 Kf8 34. Qxh7 Rb1+ 35. Kh2 Rxd6 36. Qh8+ (36. Qxe4 Rdd1 $11) 36... Kf7 37. Qh5+ g6 38. Qh7+ Kf8 39. Qh6+ Ke8 40. Qg7) 33... Rd8 34. Qxe4 Rxd7 35. Qxa4 Rfd6 (35... Re7 $16) 36. Qc4+ $18 Ke7 37. Qe4+ ({White should play} 37. e4 $18) 37... Re6 (37... Kf7 $16 38. Kf2 (38. Qxh7 Re7 $14) 38... Rd2+ 39. Kg3 h6) 38. Qh4+ (38. Qxh7 $18 Kf6 39. e4) 38... Rf6 $2 (38... Kf8 $16) 39. Qxh7 Rd1+ 40. Kh2 Kf7 $2 (40... Rf7 $18 41. Qh4+ Kf8 42. Qh8+ Ke7) 41. Qh5+ Rg6 42. Qxd1 1-0

[Event "European Women Blitz-ch 2024"]
[Site "Monaco"]
[Date "2025.01.10"]
[Round "2.12"]
[White "Osmak, Yuliia"]
[Black "Kazarian, Anna-Maja"]
[Result "0-1"]
[Annotator "TA"]
[ECO "C01"]
[WhiteElo "2463"]
[BlackElo "2206"]
[PlyCount "92"]
[EventDate "2025.01.06"]
[EventType "swiss"]
[EventCountry "MNC"]
[SourceTitle "playchess.com"]
[Source "ChessBase"]
[SourceQuality "1"]
[TimeControl "180+2"]

1. e4 e6 2. d4 d5 3. exd5 exd5 4. Nf3 Bd6 5. Bd3 Ne7 6. O-O O-O 7. c3 Bf5 8. Be2 Ng6 9. Re1 Nd7 10. Qb3 Nb6 11. a4 a5 12. Na3 Re8 13. Bg5 Qd7 14. Bb5 c6 15. Bf1 Bc7 16. Nc2 (16. c4 $11) 16... Be4 17. Nd2 Qf5 (17... Qg4 $17 18. Nxe4 dxe4) 18. Nxe4 $11 dxe4 19. Be3 (19. h4 $11) 19... Nh4 $17 {[%emt 0:00:04] Black is more active.} 20. Rad1 $2 (20. Kh1 $17 {was forced.}) 20... Qh5 {[%emt 0:00:01][%cal Oh4f3] ( -> ...Nf3+!)} 21. h3 Re6 $40 {[%emt 0:00:19][%mdl 128] Black wants a kill.} 22. d5 $2 (22. Kh1) 22... Rg6 {[%emt 0:00:09] ( -> ...Nf3+)} (22... cxd5 23. Nd4 (23. Bxb6 $2 Nf3+ 24. Kh1 Rxb6 $19) 23... Rg6 24. g3 $15) (22... Nxd5 23. Qxb7 Nf3+ 24. Kh1 $17 (24. gxf3 $2 Rg6+ 25. Bg2 Rxg2+ 26. Kf1 Rb8 $19)) 23. Nd4 {[%emt 0:00:18] [#]} Nxg2 $1 24. Bxg2 Qxh3 (24... Qxd5 $2 {loses.} 25. Qxd5 Nxd5 26. Bc1 $18) 25. Kf1 Qxg2+ 26. Ke2 Nxd5 27. Rg1 Qh3 ({Not} 27... Qxg1 28. Rxg1 Rxg1 29. Qxb7 $19) 28. Rxg6 hxg6 29. c4 Nxe3 30. Qxe3 Qg4+ 31. Ke1 Re8 32. Ne2 {[%emt 0:00:04] Prevents Bf4} Be5 33. Rd2 Bf6 34. Qg3 Qe6 35. b3 Qe7 36. Qh3 Qb4 {[%emt 0:00:06] And now ...Rd8 would win.} 37. Kd1 Bg5 38. Rd4 e3 39. f4 Qxb3+ 40. Ke1 Bf6 41. Rd1 Bc3+ 42. Nxc3 Qxc3+ 43. Ke2 Qc2+ 44. Kf3 Qxd1+ 45. Kg3 Qg1+ 46. Kh4 e2 0-1

[Event "European Women Blitz-ch 2024"]
[Site "Monaco"]
[Date "2025.01.10"]
[Round "2.13"]
[White "Maisuradze, Nino"]
[Black "Maltsevskaya, Aleksandra"]
[Result "0-1"]
[Annotator "TA"]
[ECO "E73"]
[WhiteElo "2174"]
[BlackElo "2368"]
[PlyCount "64"]
[EventDate "2025.01.06"]
[EventType "swiss"]
[EventCountry "MNC"]
[SourceTitle "playchess.com"]
[Source "ChessBase"]
[SourceQuality "1"]
[TimeControl "180+2"]

1. d4 Nf6 2. c4 g6 3. Nc3 Bg7 4. e4 d6 5. Be2 O-O 6. h4 c5 7. d5 e6 8. h5 exd5 9. exd5 Re8 10. h6 Bh8 11. Kf1 a6 12. a4 Bf5 (12... Ne4 $11) 13. g4 $14 Bc8 ({Better is} 13... Rxe2 $1 $11 14. gxf5 Re7) 14. Be3 (14. f3 $1 $14) 14... Nbd7 15. g5 (15. Qd2 $11) 15... Ne4 16. Nxe4 Rxe4 17. Bd3 (17. Qb3 $17 {is a better defense.}) 17... Re8 (17... Rxe3 $1 $19 18. fxe3 Qxg5) 18. b3 $2 Ne5 19. Bc2 (19. Rc1 $142) 19... Ng4 $19 20. Bf4 Bd4 21. Nh3 Ne5 22. Rb1 {[%emt 0:00:03] [#]} b5 $1 23. Bxe5 Bxe5 ({Resist} 23... dxe5 24. Qd2) 24. axb5 $2 (24. Qd2) 24... axb5 25. f4 (25. cxb5 $142 Ra2 26. b6) 25... Bxh3+ 26. Rxh3 Bxf4 27. Qg4 Bxg5 28. cxb5 Re5 29. Rf3 Bxh6 {[%emt 0:00:03][%cal Oa8a2] Strongly threatening ...Ra2!.} (29... Rxd5 $2 {is the wrong capture.} 30. Qc4 $18) 30. Kf2 Qe7 (30... Ra2 $142 31. Qc4 Qg5) 31. Bd3 Ra2+ 32. Kg3 Rg5 0-1

[Event "European Women Blitz-ch 2024"]
[Site "Monaco"]
[Date "2025.01.10"]
[Round "2.14"]
[White "Roebers, Eline"]
[Black "Rudzinska, Michalina"]
[Result "1-0"]
[Annotator "TA"]
[ECO "B46"]
[WhiteElo "2381"]
[BlackElo "2226"]
[PlyCount "61"]
[EventDate "2025.01.06"]
[EventType "swiss"]
[EventCountry "MNC"]
[SourceTitle "playchess.com"]
[Source "ChessBase"]
[SourceQuality "1"]
[TimeControl "180+2"]

1. e4 c5 2. Nf3 e6 3. d4 cxd4 4. Nxd4 Nc6 5. Nc3 a6 6. Bf4 d6 7. Nxc6 bxc6 8. Qd2 e5 9. Bg3 Be6 (9... Nf6 $11) 10. O-O-O Qa5 11. Kb1 Rb8 12. f4 Rb4 (12... Bg4 $14 13. Ne2 Qa3) 13. b3 Rd4 {[%emt 0:00:05] [#]} 14. Qe3 (14. Bd3 $142 $1) 14... Rxd1+ $16 15. Nxd1 Nf6 16. Nb2 (16. fxe5 $16 dxe5 17. h3) 16... Be7 (16... d5 $1 $11 {keeps the balance.}) 17. Nc4 (17. fxe5 $16 dxe5 18. Nc4) 17... Bxc4 $14 18. Bxc4 O-O (18... exf4 $1 $14 19. Bxf4 O-O) 19. Rd1 (19. fxe5 $16 dxe5 20. h3) 19... Rb8 ({Black should play} 19... Ng4 $14 20. Qd2 Qc5) 20. Be1 (20. Qa7 $18 Qd8 21. fxe5 Nxe4 22. exd6 (22. Bxa6 $2 Nc3+ 23. Ka1 Nxd1 $19) 22... Nc3+ 23. Ka1) 20... Qc7 (20... exf4 $14 21. Qxf4 Qh5) 21. Bc3 {[%emt 0:00:20] This pair of bishops is nice.} ({White should play} 21. fxe5 $18 dxe5 22. Bxa6) 21... Nd7 22. Qf3 {[%emt 0:00:13] White has more active pieces. Black is weak on the light squares} Bf8 (22... Bf6 $16 23. Bxa6 h6) 23. Rf1 $18 Nb6 24. Ba5 (24. Bxa6 $18 {Strongly threatening fxe5.} exf4 25. Qxf4) 24... Nxc4 $2 (24... d5 $16 {was worth a try.} 25. exd5 cxd5 26. Bxd5 (26. Bxa6 e4 $11) 26... exf4) 25. Bxc7 Nd2+ 26. Kc1 Nxf3 27. Bxb8 Nxh2 28. Rd1 exf4 29. e5 dxe5 (29... d5 $142 30. c4 Be7 31. cxd5 cxd5 32. Rxd5 f3 33. gxf3 Nxf3) 30. Rd8 e4 $2 (30... f3 31. Bd6 (31. Bxe5 $2 {loses.} f2 $19) 31... g5 32. Bxf8 h5 33. Bc5+ Kg7) 31. Bd6 1-0

[Event "European Women Blitz-ch 2024"]
[Site "Monaco"]
[Date "2025.01.10"]
[Round "2.15"]
[White "Piddubna, Bozhena"]
[Black "Injac, Teodora"]
[Result "1/2-1/2"]
[Annotator "TA"]
[ECO "E10"]
[WhiteElo "2152"]
[BlackElo "2453"]
[PlyCount "73"]
[EventDate "2025.01.06"]
[EventType "swiss"]
[EventCountry "MNC"]
[SourceTitle "playchess.com"]
[Source "ChessBase"]
[SourceQuality "1"]
[TimeControl "180+2"]

1. d4 Nf6 2. c4 e6 3. Nf3 h6 4. g3 d5 5. Bg2 Bb4+ 6. Bd2 a5 7. Qc2 O-O 8. O-O c6 9. a3 Be7 10. Rc1 Nbd7 11. a4 b6 12. Na3 Ba6 13. b3 Rc8 14. Qb2 Ne4 15. Be3 Bb4 16. Nd2 Ndf6 17. Nxe4 Nxe4 18. Bxe4 dxe4 19. Nc2 Be7 20. Rd1 f5 21. Bf4 Qe8 22. Be5 Qh5 23. Ne1 Bb7 24. Ng2 Qf7 25. e3 Rfd8 26. Rd2 g5 27. Rad1 (27. Ne1 $11) 27... Kh7 (27... Qh5 $15 {deserves consideration.}) 28. Kh1 (28. Ne1 $11) 28... Kg6 29. Rg1 c5 30. Rdd1 cxd4 31. Rxd4 Bc5 32. Rd2 (32. Rxd8 $11 {remains equal.} Rxd8 33. Bc3) 32... Qe7 $2 (32... Rd3 $17 33. Bc3 Rcd8) 33. Rgd1 ({White should play} 33. Nf4+ $16 Kf7 34. Rxd8 Rxd8 35. Qe2) 33... Bb4 34. Rd4 Bc5 {[%emt 0:00:01] A strong pair of Bishops.} 35. R4d2 Bb4 (35... Rd3 $5 36. Kg1 Rcd8 $11) 36. Rd4 Bc5 37. R4d2 1/2-1/2